 Dungeon Crawl Stone Soup version 0.16-a0-3178-g2c88c44 (webtiles) character file.

417 Miyamura the Insei (level 6, -10/33 HPs)
             Began as a Vine Stalker Monk on Dec 16, 2014.
             Was a Believer of Okawaru.
             Mangled by a hell rat (16 damage)
             ... on level 5 of the Dungeon.
             The game lasted 00:15:23 (3548 turns).

Miyamura the Insei (Vine Stalker Monk)              Turns: 3548, Time: 00:15:24

Health: -10/33     AC:  3    Str: 14    XL:     6   Next: 92%
Magic:  0/13       EV: 13    Int: 12    God:    Okawaru [**....]
Gold:   332        SH:  0    Dex: 16    Spells: 0 memorised, 10 levels left

rFire  . . .     SeeInvis +     p - +0 spear
rCold  . . .     Clarity  .     a - +0 robe
rNeg   . . .     SustAb   .     (no shield)
rPois  .         Gourm    .     v - +1 hat
rElec  .         Spirit   +     (no cloak)
rCorr  .         Warding  .     (no gloves)
rMut   .         Stasis   .     (no boots)
MR     .....                    (no amulet)
Stlth  ++........               (no ring)
                                o - ring of see invisible

@: hasted, drained, very quick, not resistant to hostile enchantments,
unstealthy
A: fangs 2, regeneration 2, magic shield, antimagic bite, no device heal 3, rot
immunity
a: Heroism, Renounce Religion


You were on level 5 of the Dungeon.
You worshipped Okawaru.
Okawaru was pleased with you.
You were not hungry.

You visited 2 branches of the dungeon, and saw 6 of its levels.

You collected 332 gold pieces.

Inventory:

Hand weapons
 m - a +0 short sword
 p - a +0 spear (weapon)
Armour
 a - a +0 robe (worn)
 v - a +1 hat (worn)
Jewellery
 o - a ring of see invisible (left hand)
Scrolls
 k - 2 scrolls of recharging
 l - 2 scrolls of magic mapping
 t - 3 scrolls of remove curse
Potions
 e - 2 potions of curing
 g - a potion of restore abilities {unknown}
 h - a potion of magic {unknown}
 j - a potion of might {unknown}
 s - a potion of cancellation {unknown}
 z - a potion of lignification {unknown}
Comestibles
 b - 2 bread rations
 d - 4 meat rations
 w - 3 fruits


   Skills:
 + Level 3.7(2.7) Fighting
 + Level 1.7(0.7) Polearms
 + Level 2.1(1.1) Armour
 + Level 3.4(2.4) Dodging
 - Level 3.0(2.0) Stealth
 - Level 4.4(3.3) Unarmed Combat
 + Level 2.7(1.6) Spellcasting


You had 10 spell levels left.
You didn't know any spells.

Dungeon Overview and Level Annotations

Branches:
Dungeon (5/15)             Temple (1/1) D:4

Altars:
Ashenzari
Dithmenos
Elyvilon
Fedhas
Gozag
Kikubaaqudgha
Nemelex Xobeh
Okawaru
Qazlal
Trog
Vehumet
Xom
Yredelemnul
Zin
The Shining One

Annotations:
D:2 Sigmund


Innate Abilities, Weirdness & Mutations

You have extremely sharp teeth.
You heal very quickly.
When hurt, damage is shared between your health and your magic reserves.
Your bite disrupts and absorbs the magic of your enemies.
Potions and wands cannot restore your health.
You are immune to rotting.


Message History

* * * LOW HITPOINT WARNING * * *
Press: ? - help, v - describe, . - travel
Here: a hell rat (lightly wounded)
The floor.
Read which item? (? for menu, Esc to quit)
As you read the scroll labeled GHOAMM AROK, it crumbles to dust.
You smell wet wool.
It was a scroll of random uselessness.
The hell rat barely misses you.
Read which item? (? for menu, Esc to quit)
As you read the scroll labeled WUCUKHY VEKLAU, it crumbles to dust.
The creatures around you are filled with an inner flame!
It was a scroll of immolation.
The hell rat bites you but does no damage.
Read which item? (? for menu, Esc to quit)
Okay, then.
Drink which item? (? for menu, Esc to quit)
You have no ailments to cure.
Drink which item? (? for menu, Esc to quit)
You feel yourself speed up. The hell rat bites you!!
You die...

#.#.# #.#.# #.#.#
#.#.# #.#o# #.#o#
#.#o# #.#o# #@#ยง#
#r#.## #.#..#
#.##.# ## #.##.#
#.# #.##.# #..###
#.##.# #####...
#.##.######..###..
#.##.##.#.r##.r)..


You could see a hell rat (inner flame).

Vanquished Creatures
  A scorpion (D:5)
  2 crimson imps (D:5)
  A hound (D:4)
  2 orc wizards (D:5)
  A worker ant (D:5)
  Jessica (D:2)
  3 gnolls
  2 adders
  A river rat (D:5)
  A giant mite (D:4)
  A worm (D:4)
  2 giant geckos
  11 orcs
  2 ball pythons
  4 giant cockroaches
  11 goblins
  11 hobgoblins
  7 kobolds
  3 quokkas
  7 bats
  8 giant newts
  5 jackals
  13 rats
100 creatures vanquished.

Notes
Turn   | Place    | Note
--------------------------------------------------------------
     0 | D:1      | Miyamura, the Vine Stalker Monk, began the quest for the Orb.
     0 | D:1      | Reached XP level 1. HP: 11/11 MP: 1/1
   164 | D:1      | Reached XP level 2. HP: 16/16 MP: 3/3
   639 | D:1      | Reached XP level 3. HP: 15/19 MP: 4/4
   719 | D:2      | Noticed Sigmund
   792 | D:2      | Noticed Jessica
   809 | D:2      | Killed Jessica
   832 | D:2      | Reached skill level 1 in Spellcasting
   832 | D:2      | Reached XP level 4. HP: 21/24 MP: 4/6
  1289 | D:3      | Reached skill level 1 in Armour
  1696 | D:2      | Reached XP level 5. HP: 22/28 MP: 9/9
  2043 | D:4      | Found a staircase to the Ecumenical Temple.
  2053 | Temple   | Entered the Ecumenical Temple
  2134 | Temple   | Became a worshipper of Warmaster Okawaru
  2134 | Temple   | Acquired Okawaru's first power
  2352 | D:4      | Found a shimmering altar of Xom.
  2352 | D:4      | Noticed an angel
  2353 | D:4      | Found a glowing silver altar of Zin.
  2580 | D:4      | Found a glowing golden altar of the Shining One.
  2709 | D:5      | Entered Level 5 of the Dungeon
  2771 | D:5      | Reached skill level 1 in Polearms
  2898 | D:5      | Gained mutation: You heal very quickly. [vine stalker growth]
  2898 | D:5      | Reached XP level 6. HP: 29/32 MP: 10/12
  3548 | D:5      | Mangled by a hell rat

Action                   |  1- 3 |  4- 6 || total
-------------------------+-------+-------++-------
Melee: Unarmed           |    92 |    92 ||   184
       Spear             |       |   277 ||   277
  Use: Scroll            |       |    10 ||    10
       Potion            |       |     2 ||     2
 Stab: Sleeping          |     1 |     3 ||     4
  Eat: Chunk             |       |     6 ||     6
       Royal jelly       |       |     1 ||     1
       Beef jerky        |       |     1 ||     1
